Map: Catalyst LE

Players

Nerchio

  • Race: Zerg Zerg
  • Spawn Location: 11:00

ShoWTimE - Winner!

  • Race: Protoss Protoss
  • Spawn Location: 5:00

Event: WESG 2017 Haikou

VOD

Have the link to the VOD?

Description

Time

  • Played on: March 16, 2018, 4:57 a.m.
  • Length: 12:42

All games in this series

Show
View Real Time Build Order
Export as new Build Order

Nerchio Zerg 

Build Orders: Hatch First 

Get SALT Encoding   

  12  0:00  Drone  
  13  0:13  Overlord  
  13  0:17  Drone  
  14  0:31  Drone x2  
  14  0:34  Drone  
  17  0:52  Hatchery  
  17  0:55  Drone  
  17  0:59  Drone  
  18  1:05  Extractor  
  17  1:15  Spawning Pool  
  16  1:19  Drone  
  16  1:21  Drone  
  18  1:28  Drone  
  19  1:38  Overlord  
  19  1:49  Drone  
  20  2:01  Queen  
  20  2:02  Zergling x2  
  20  2:04  Queen  
  20  2:07  Metabolic Boost  
  25  2:12  Zergling x2  
  25  2:14  Drone  
  27  2:17  Drone  
  27  2:22  Drone  
  29  2:27  Drone  
  30  2:40  Hatchery  
  30  2:42  Drone  
  30  2:49  Drone x2  
  32  2:52  Overlord  
  32  2:59  Queen  
  32  3:03  Drone  
  32  3:04  Drone  
  36  3:14  Drone x3  
  36  3:17  Queen  
  36  3:19  Drone  
  42  3:22  Overlord  
  42  3:25  Drone  
  43  3:27  Drone  
  43  3:31  Spore Crawler  
  43  3:35  Drone, Spore Crawler  
  43  3:39  Overlord  
  43  3:43  Drone  
  43  3:44  Drone x2  
  43  3:46  Drone  
  47  3:49  Drone  
  47  3:50  Drone  
  47  3:54  Drone x2  
  47  3:55  Drone  
  52  4:02  Lair  
  52  4:04  Drone, Extractor  
  52  4:05  Extractor  
  52  4:07  Drone  
  52  4:10  Drone  
  52  4:11  Drone  
  52  4:12  Drone  
  55  4:19  Drone  
  55  4:20  Drone, Baneling Nest  
  55  4:21  Drone  
  55  4:23  Drone  
  58  4:26  Overlord  
  58  4:32  Overlord  
  58  4:35  Overlord  
  58  4:41  Spore Crawler  
  57  4:46  Drone  
  57  4:47  Drone x6  
  57  4:49  Drone  
  57  4:50  Drone  
  66  4:54  Zergling x2  
  66  4:55  Zergling x4  
  69  5:01  Hydralisk Den, Zergling x2  
  69  5:02  Evolution Chamber  
  69  5:05  Zergling x4  
  69  5:06  Zergling x2  
  71  5:07  Zergling x2  
  71  5:13  Zergling x8  
  76  5:14  Zergling x2  
  76  5:15  Zergling x2  
  76  5:17  Overlord  
  76  5:20  Overlord  
  77  5:34  Grooved Spines  
  77  5:36  Hydralisk x5  
  77  5:37  Hydralisk  
  77  5:40  Extractor  
  77  5:42  Centrifical Hooks  
  88  5:45  Drone x3  
  88  5:49  Zergling x4  
  93  5:51  Overlord  
  93  5:52  Hydralisk  
  93  5:54  Zergling x2  
  93  5:55  Zergling x2  
  96  5:58  Baneling x3  
  96  5:59  Overlord  
  96  6:03  Overlord  
  96  6:08  Hydralisk x2  
  100  6:17  Hydralisk  
  100  6:18  Hydralisk  
  102  6:20  Zergling x4  
  102  6:21  Zergling x10  
  102  6:23  Zergling x4  
  111  6:31  Hydralisk x3  
  117  6:36  Overseer  
  117  6:38  Overlord  
  117  6:43  Zergling x4  
  117  6:44  Zergling x2  
  117  6:45  Zergling x2  
  121  6:48  Baneling x5  
  121  6:50  Overlord x3  
  121  6:54  Zergling x2  
  116  7:02  Zergling x12  
  116  7:04  Zergling x2  
  116  7:06  Baneling x6  
  116  7:07  Zergling x2  
  121  7:13  Zergling x4  
  121  7:14  Zergling x4  
  121  7:15  Zergling x2  
  126  7:16  Baneling x4  
  126  7:18  Zergling x6  
  126  7:21  Zergling x2  
  121  7:24  Hydralisk  
  121  7:27  Zergling x2  
  117  7:30  Hydralisk  
  117  7:34  Hydralisk  
  116  7:39  Baneling x4  
  116  7:41  Zergling x4  
  107  7:44  Zergling x4  
  107  7:45  Hydralisk  
  107  7:46  Zergling x2  
  107  7:47  Zergling x4  
  107  7:48  Zergling x2  
  107  7:50  Zergling x2  
  99  7:53  Zergling x2  
  99  7:55  Hydralisk  
  90  8:00  Muscular Augments, Hydralisk  
  89  8:06  Hydralisk  
  89  8:08  Hatchery  
  89  8:10  Drone x3  
  89  8:11  Drone x2  
  95  8:13  Drone x2  
  95  8:16  Drone  
  95  8:17  Extractor, Drone  
  98  8:20  Zerg Missile Weapons Level 1  
  98  8:22  Hydralisk  
  98  8:25  Zergling x2  
  101  8:30  Drone x3  
  101  8:32  Drone  
  101  8:33  Drone  
  106  8:36  Baneling  
  106  8:37  Overseer, Baneling x3  
  106  8:38  Drone  
  106  8:39  Drone  
  106  8:41  Drone  
  109  8:44  Overlord  
  109  8:47  Hydralisk x2  
  111  8:50  Hydralisk  
  111  8:53  Baneling  
  111  8:54  Baneling x3  
  113  8:58  Hydralisk  
  113  9:00  Hydralisk  
  113  9:02  Zergling x6  
  120  9:07  Zergling x2  
  120  9:08  Zergling x6  
  120  9:09  Hydralisk  
  124  9:11  Hydralisk  
  124  9:16  Hydralisk  
  128  9:20  Zergling x2  
  128  9:21  Zergling x6  
  128  9:22  Hydralisk  
  127  9:30  Hydralisk x3  
  127  9:38  Spawning Pool  
  116  9:40  Drone  
  116  9:41  Drone x3  
  116  9:45  Drone x4  
  115  9:46  Drone  
  115  9:47  Drone  
  115  9:48  Drone  
  115  9:49  Hydralisk  
  115  9:52  Hydralisk  
  117  9:56  Hydralisk x2  
  121  10:00  Hydralisk  
  121  10:01  Hydralisk  
  121  10:03  Hydralisk  
  121  10:07  Pneumatized Carapace, Evolution Chamber  
  124  10:12  Hydralisk x2  
  128  10:17  Baneling x2  
  128  10:26  Drone x13, Extractor  
  128  10:27  Extractor  
  139  10:32  Extractor  
  138  10:35  Hydralisk  
  138  10:36  Hydralisk  
  138  10:38  Overlord  
  142  10:43  Hydralisk  
  141  10:51  Zergling x8  
  141  10:53  Overlord x3  
  141  10:56  Overlord  
  144  10:58  Baneling x6, Zergling x4  
  147  11:04  Zergling x12  
  150  11:12  Zergling x8  
  150  11:18  Queen, Zergling x2  
  151  11:22  Zergling x4  
  151  11:23  Zergling x2  
  156  11:29  Zergling x2  
  156  11:30  Zergling x6  
  160  11:33  Hatchery  
  160  11:34  Zergling x4  
  160  11:35  Spire, Zergling x2  
  160  11:36  Infestation Pit  
  154  11:42  Baneling  
  154  11:43  Baneling x7  
  154  11:46  Zergling x4  
  153  11:47  Zergling x4  
  153  11:48  Baneling x6  
  153  11:52  Zergling x8  
  155  11:56  Zergling x6  
  155  11:59  Hydralisk x3  
  155  12:03  Hydralisk  
  155  12:05  Hydralisk  
  155  12:07  Hydralisk  
  150  12:13  Hydralisk  
  138  12:17  Hydralisk x2  
  138  12:20  Spire  
Show
View Real Time Build Order
Export as new Build Order

ShoWTimE Protoss - Winner!

Build Orders: 1 Gate Expand, Oracle Opening, Phoenix Opening, Archon Immortal, Zealot Archon, Archon Drop 

Get SALT Encoding   

  12  0:01  Probe  
  13  0:13  Probe  
  14  0:18  Pylon  
  14  0:25  Probe (Chrono Boost)  
  15  0:37  Probe (Chrono Boost)  
  15  0:40  Gateway  
  16  0:46  Probe (Chrono Boost)  
  16  0:47  Assimilator  
  17  0:51  Probe  
  18  1:03  Probe  
  19  1:15  Probe  
  20  1:26  Nexus  
  20  1:36  Cybernetics Core  
  20  1:40  Probe  
  21  1:48  Assimilator  
  21  1:52  Probe  
  22  1:55  Pylon  
  22  2:04  Probe  
  23  2:12  Adept (Chrono Boost)  
  25  2:16  Probe  
  25  2:20  Stargate  
  26  2:28  Warp Gate, Probe  
  27  2:37  Adept  
  29  2:40  Probe x2 (Chrono Boost)  
  31  2:50  Probe x2 (Chrono Boost)  
  33  2:55  Probe x2 (Chrono Boost)  
  35  3:00  Oracle (Chrono Boost)  
  38  3:06  Probe x2  
  38  3:11  Pylon  
  40  3:16  Adept  
  40  3:18  Probe  
  40  3:19  Probe  
  44  3:30  Probe, Phoenix  
  44  3:31  Probe  
  48  3:36  Gateway  
  48  3:42  Probe  
  49  3:53  Nexus  
  49  3:55  Probe  
  50  3:59  Pylon  
  50  4:00  Probe  
  51  4:09  Robotics Facility, Probe  
  52  4:12  Probe  
  52  4:15  Assimilator  
  53  4:17  Assimilator  
  53  4:18  Pylon  
  53  4:21  Probe  
  54  4:25  Probe, Pylon  
  55  4:33  Probe  
  55  4:36  Forge  
  55  4:37  Probe  
  57  4:39  Twilight Council  
  57  4:45  Probe (Chrono Boost)  
  58  4:49  Probe (Chrono Boost)  
  59  4:57  Probe (Chrono Boost), Gateway  
  59  4:58  Gateway  
  61  5:00  Probe (Chrono Boost), Warp Prism (Chrono Boost)  
  61  5:02  Charge (Chrono Boost)  
  61  5:03  Probe (Chrono Boost)  
  61  5:05  Probe (Chrono Boost)  
  61  5:06  Probe (Chrono Boost)  
  66  5:11  Probe  
  67  5:15  Probe  
  67  5:18  Probe  
  67  5:20  Protoss Ground Weapons Level 1 (Chrono Boost), Templar Archives  
  69  5:24  Probe  
  69  5:27  Probe  
  71  5:30  Probe  
  72  5:36  Probe  
  72  5:37  Gateway x2  
  72  5:39  Probe  
  74  5:43  Probe  
  74  5:44  Gateway  
  74  5:46  Gateway  
  74  5:48  Probe  
  76  5:51  Probe  
  76  5:55  Probe  
  78  5:57  High Templar x4  
  78  6:00  Probe, Assimilator  
  78  6:01  Archon x2  
  78  6:03  Probe  
  88  6:04  Assimilator  
  88  6:05  Pylon  
  88  6:06  Observer  
  88  6:07  Probe  
  88  6:08  Psionic Storm, Pylon  
  90  6:16  Pylon  
  90  6:17  Pylon  
  90  6:28  Photon Cannon, Shield Battery  
  90  6:29  Zealot x2  
  90  6:32  High Templar  
  96  6:39  Immortal  
  100  6:44  Gateway  
  100  6:45  Zealot x2, Gateway  
  104  6:48  Sentry  
  104  6:50  Zealot x2, Photon Cannon  
  110  6:59  Sentry  
  112  7:04  Photon Cannon  
  112  7:05  Zealot x2, Shield Battery  
  112  7:06  High Templar  
  118  7:12  Sentry  
  118  7:15  Zealot x2  
  122  7:23  Zealot x2  
  122  7:25  Zealot  
  122  7:26  Zealot  
  108  7:31  Immortal (Chrono Boost)  
  108  7:35  Zealot x3  
  116  7:41  Zealot  
  116  7:43  Archon  
  110  7:45  Zealot x2  
  110  7:49  Protoss Ground Weapons Level 2 (Chrono Boost)  
  106  7:57  High Templar x3  
  104  8:01  Immortal (Chrono Boost)  
  108  8:10  High Templar  
  110  8:14  Nexus  
  110  8:16  Pylon  
  110  8:18  Pylon  
  110  8:25  Zealot x6  
  122  8:34  Immortal (Chrono Boost)  
  122  8:36  Zealot x3  
  132  8:43  High Templar  
  132  8:45  High Templar  
  136  8:49  Archon  
  136  8:52  Zealot x2  
  136  8:54  Pylon  
  140  8:56  Pylon  
  140  8:58  Pylon  
  140  9:09  Zealot  
  141  9:13  Zealot x2, Immortal (Chrono Boost)  
  141  9:14  Zealot  
  141  9:15  Zealot x3  
  157  9:18  Zealot x2  
  157  9:20  Probe  
  157  9:21  Probe  
  159  9:28  Zealot  
  159  9:31  Zealot  
  157  9:37  Probe x2  
  139  9:43  Zealot x2  
  139  9:44  Zealot  
  139  9:45  Immortal  
  145  9:49  Assimilator  
  145  9:51  Assimilator  
  145  9:53  Photon Cannon  
  145  9:55  High Templar x5  
  145  9:56  High Templar  
  157  10:00  Archon x3  
  157  10:01  Protoss Ground Weapons Level 3 (Chrono Boost)  
  157  10:05  Zealot x3  
  157  10:07  Zealot  
  163  10:24  Immortal (Chrono Boost), Photon Cannon  
  165  10:28  Photon Cannon  
  165  10:31  Pylon, Shield Battery  
  165  10:32  Pylon  
  165  10:34  Shield Battery, High Templar  
  165  10:35  High Templar x2  
  171  10:44  Zealot x4  
  171  10:57  Observer (Chrono Boost)  
  171  10:58  High Templar x3  
  178  11:04  Archon  
  174  11:11  High Templar  
  174  11:13  High Templar  
  174  11:14  Zealot x2, High Templar  
  174  11:15  Zealot x2  
  174  11:18  Archon x2  
  182  11:20  Warp Prism (Chrono Boost)  
  184  11:30  Photon Cannon  
  184  11:33  Pylon, Fleet Beacon  
  184  11:34  Stargate  
  184  11:36  Pylon, Stargate  
  182  11:45  Zealot x6  
  194  11:54  Zealot x3  
  194  12:01  Zealot  
  190  12:07  Zealot x5  
  197  12:13  Zealot  
  199  12:28  Pylon  
  187  12:31  Pylon  
Tags
 
Add a new tag
Caveats
  • Supply blocks, unpowered buildings, or Contaminate may cause inaccurate times.
  • Supply counts are checked every 10 seconds.